 Dungeon Crawl Stone Soup version 0.30.1-11-g7821555f0a (webtiles) character file.

Game seed: 4005746407442306324

55 jagang the Trooper (level 3, -1/31 HPs)
             Began as a Barachi Monk on Nov 14, 2023.
             Slain by an iguana (9 damage)
             ... on level 2 of the Dungeon.
             The game lasted 00:02:02 (1189 turns).

jagang the Trooper (Barachi Monk)                   Turns: 1189, Time: 00:02:03

Health: -1/31      AC:  2    Str: 12    XL:     3   Next: 93%
Magic:  3/3        EV: 13    Int: 10    God:
Gold:   192        SH:  0    Dex: 16    Spells: 2/2 levels left

rFire   . . .        o - +0 long sword
rCold   . . .        d - orb {light}
rNeg    . . .        m - +0 robe of an ossuary {Will++}
rPois   .            (no helmet)
rElec   .            (no cloak)
rCorr   .            (no gloves)
SInv    .            (no boots)
Will    ++...        (no amulet)
Stlth   +            (no ring)
HPRegen 0.25/turn    (no ring)
MPRegen 0.08/turn

%: no passive effects
@: glowing, slow
A: amphibious, slowness 1, strong legs 1, +LOS
a: Hop


You were on level 2 of the Dungeon.
You visited 1 branch of the dungeon, and saw 2 of its levels.

You collected 192 gold pieces.

Inventory:

Hand Weapons
 o - a +0 long sword (weapon)
Missiles
 k - 6 poisoned darts
Armour
 b - a +0 robe
 d - an orb of light (worn)
 m - the +0 robe of an ossuary (worn) {Will++}
   (You found it on level 2 of the Dungeon)

   Will:      It greatly increases your willpower.
Jewellery
 n - a +6 ring of dexterity
Scrolls
 e - a scroll of identify {unknown}
 f - 3 scrolls of immolation {unknown}
 g - 3 scrolls of teleportation {unknown}
 h - a scroll of enchant weapon {unknown}
Potions
 c - a potion of ambrosia
 i - a potion of heal wounds {unknown}
 j - a potion of magic {unknown}
 l - a potion of invisibility {unknown}


   Skills:
 * Level 4.5 Fighting
 * Level 4.5 Long Blades
 + Level 0.2 Throwing
 + Level 1.5 Armour
 - Level 3.2 Dodging


You had 2 spell levels left.
You didn't know any spells.
Your spell library contained the following spells:

 Spells                   Type           Power      Damage    Failure   Level
 Vhi's Electric Charge    Tloc/Air       0%         N/A       75%         3
 Arcjolt                  Conj/Air       0%         1d10      100%        5
 Plasma Beam              Fire/Air       0%         2x1d11    100%        6


Dungeon Overview and Level Annotations

Branches:
Dungeon (2/15)

Altars:


Innate Abilities, Weirdness & Mutations

You are amphibious.
You cover ground slowly.
You can hop short distances.
You have an extended range of vision and can be seen from far away.


Message History

Found 4 stones.
You hit the adder.
The adder is heavily wounded.
The adder bites you.
You slash the adder!
You kill the adder!
No target in view!
No target in view!
There is an open door, spattered with blood here.
You see here an adder corpse.
You open the door.
There is an open door here.
Found a long sword.
Found a stone staircase leading up.
You see here a +0 long sword.
o - a +0 long sword
o - a +0 long sword (weapon)
You drop a +0 falchion.
A frilled lizard comes into view.
The frilled lizard hisses angrily.
The frilled lizard closely misses you.
You barely miss the frilled lizard. The frilled lizard closely misses you.
You hit the frilled lizard.
You kill the frilled lizard!
No target in view!
An iguana comes into view.
Found a scroll labelled KAPUMA VUOTZ and a brightly glowing sling.
The iguana hisses angrily.
The iguana bites you.
You hit the iguana but do no damage. The iguana barely misses you.
You barely miss the iguana. The iguana bites you!
You slash the iguana!
The iguana is heavily wounded.
The iguana bites you!
* * * LOW HITPOINT WARNING * * *
You are too injured to fight recklessly!
You completely miss the iguana.
The iguana is heavily wounded.
The iguana bites you!
You die...

......#.###.###.#
.........###.##.########
#......#.# ##...........
#......#.###..#.#######.
#).....#.##..##.#
.......?.#......#
..........#.#####
..#...#.##.# #. #@##+#
#l# ... ##... .....
...... ....... ##.......
##.....##


You could see an iguana.

Vanquished Creatures
  2 adders (D:2)
  2 worms (D:2)
  3 ball pythons
  4 endoplasms
  A goblin (D:1)
  5 hobgoblins
  3 quokkas
  4 bats (D:2)
  2 frilled lizards (D:2)
  3 rats
29 creatures vanquished.

Notes
Turn   | Place    | Note
-------+----------+-------------------------------------------
     0 | D:1      | jagang the Barachi Monk began the quest for the Orb.
     0 | D:1      | Reached XP level 1. HP: 18/18 MP: 1/1
   195 | D:1      | Reached XP level 2. HP: 25/25 MP: 2/2
   615 | D:2      | Reached skill level 1 in Armour
   617 | D:2      | Reached XP level 3. HP: 20/30 MP: 3/3
   753 | D:2      | Identified the +0 robe of an ossuary {Will++}
  1189 | D:2      | Slain by an iguana

Illustrated notes

Levels and vault maps discovered:
D:1:      pf_arrival_petrified_forest, layout_basic, serial_forest,
          infiniplex_forest_lined_2, infiniplex_forest_lined_room_,
          infiniplex_forest_lined_ring, infiniplex_forest_diagonal,
          infiniplex_forest_zigzag_1, infiniplex_forest_corner_2,
          infiniplex_forest_lined_corner
D:2:      layout_loops_corners, hellmonk_ecumenical_altar_lost_god,
          minmay_hexomino_f4

Skill      XL: |  1  2 |
---------------+-------+-----
Fighting       | 4 |  4.5
Long Blades    | 4 |  4.5
Armour         | 1 |  1.5
Throwing       | |  0.2
Dodging        | |  3.2

Action                     || total
---------------------------++-------
  Melee: Falchion          ||    83
         Long sword        ||     6
 Armour: Robe              ||    19
  Dodge: Dodged            ||    63
